 Dungeon Crawl Stone Soup version 0.26-a0-665-gefeb406119 (webtiles) character file.

Game seed: 4950737091611127933

329 Hypoxia the Chopper (level 6, -2/55 HPs)
             Began as a Deep Dwarf Fighter on Oct 14, 2020.
             Was an Initiate of Makhleb.
             Slain by an ogre
             ... wielding a cursed +0 giant club
              (17 damage)
             ... on level 8 of the Dungeon.
             The game lasted 00:09:05 (661 turns).

Hypoxia the Chopper (Deep Dwarf Fighter)             Turns: 661, Time: 00:09:06

Health: -2/55      AC:  8    Str: 20    XL:     6   Next: 25%
Magic:  5/5        EV:  7    Int:  8    God:    Makhleb [......]
Gold:   38         SH:  9    Dex: 14    Spells: 5/5 levels left

rFire    . . .     SeeInvis .   a - +0 war axe
rCold    . . .     Faith    .   c - +0 kite shield
rNeg     . . .     Spirit   .   b - +0 scale mail
rPois    .         Reflect  .   f - +0 helmet
rElec    .         Harm     .   (no cloak)
rCorr    .         Rampage  .   (no gloves)
MR       .....     Rnd*Tele +   (no boots)
Stlth    ..........             (no amulet)
HPRegen  0.00/turn              o - ring of teleportation
MPRegen  0.09/turn              (no ring)

@: non-regenerating
A: damage resistance, heal wounds, sense surroundings 1, no regeneration
a: Heal Wounds, Renounce Religion


You were on level 8 of the Dungeon.
You worshipped Makhleb.
Makhleb was noncommittal.
You visited 2 branches of the dungeon, and saw 8 of its levels.

You collected 38 gold pieces.

Inventory:

Hand Weapons
 a - a +0 war axe (weapon)
Armour
 b - a +0 scale mail (worn)
 c - a +0 kite shield (worn)
 f - a +0 helmet (worn)
Jewellery
 e - an uncursed ring of stealth
 o - a ring of teleportation (left hand)
Wands
 A - a wand of acid (8)
 V - a wand of flame (24)
Scrolls
 R - a scroll of identify {@r1}
 T - 3 scrolls of teleportation {@r3}
Potions
 d - a potion of might {@q4}
 g - 3 potions of invisibility
 h - a potion of brilliance {unknown}
 i - a potion of lignification {unknown}
 k - 3 potions of heal wounds {unknown}
 n - a potion of berserk rage {unknown}
 p - a potion of resistance {unknown}


   Skills:
 + Level 2.6 Fighting
 * Level 7.3 Axes
 - Level 3.2 Armour
 * Level 0.0 Dodging
 - Level 3.2 Shields


You had 5 spell levels left.
You didn't know any spells.
Your spell library was empty.

Dungeon Overview and Level Annotations

Branches:
Dungeon (6/15)             Temple (1/1) D:4

Altars:
Cheibriados
Dithmenos
Elyvilon
Fedhas
Gozag
Hepliaklqana
Kikubaaqudgha
Makhleb
Nemelex Xobeh
Okawaru
Qazlal
Ru
Sif Muna
Trog
Uskayaw
Vehumet
Wu Jian
Yredelemnul
Zin
The Shining One

Shops:
D:4 (

Annotations:
D:5 3 runed translucent doors, zordking's ghost, novice OpTm


Innate Abilities, Weirdness & Mutations

You are resistant to damage.
You can heal yourself by infusing magical energy.
You passively map a small area around you.
You do not regenerate.


Message History

You hit the ogre but do no damage.
The centaur zombie hits you but does no damage.
You block the ogre's attack. The centaur zombie barely misses you.
Your shield prevents you from hitting the ogre.
The ogre is severely wounded.
You slash the centaur zombie!
The ogre hits you with a cursed +0 giant club.
You block the centaur zombie's attack.
You hit the ogre.
The ogre is almost dead.
You slash the centaur zombie! The centaur zombie barely misses you.
The ogre hits you with a cursed +0 giant club.
You block the centaur zombie's attack.
You completely miss the ogre.
The ogre is almost dead.
You hit the centaur zombie. You block the centaur zombie's attack.
The ogre hits you with a cursed +0 giant club!
You fail to use your ability.
The centaur zombie barely misses you.
The ogre hits you with a cursed +0 giant club!!
You die...

#... *.# * #..###
#., , , * ##..#.
,,. , * * ##....#*
.#,# * *
,##..#..###.#.##. *
* #...............
#...)........... ,*
...#...Z..###.#....
, , ,*
#.....@O....... ..
, ,
.(.#........#.#.# ,
, ,
,#....$......,#, ,
#....(....... , , ,
, ##..#...##.#.
##....>. ... ,, *
##...... .. * , ,
.#.##. * , , *


You could see an ogre and a centaur zombie.

Vanquished Creatures
  An ogre
  A bullfrog zombie
  A hound
  2 orc wizards
  A centaur skeleton Ijyb
  A worker ant
  An adder
  An ooze
  A worm
  A dart slug
  2 leopard geckos
  5 orcs
  A ball python
  3 giant cockroaches
  A goblin
  2 hobgoblins
  2 jackals
  4 kobolds
  3 frilled lizards
  A rat
36 creatures vanquished.

Notes
Turn   | Place    | Note
-------+----------+-------------------------------------------
     0 | D:1      | Hypoxia the Deep Dwarf Fighter began the quest for the Orb.
     0 | D:1      | Reached XP level 1. HP: 20/20 MP: 1/1
    68 | D:2      | Reached skill level 3 in Axes
    68 | D:2      | Reached XP level 2. HP: 27/27 MP: 2/2
   159 | D:2      | Found a glowing golden altar of the Shining One.
   160 | D:2      | Found a shimmering blue altar of Sif Muna.
   189 | D:2      | Reached skill level 4 in Axes
   189 | D:2      | Reached XP level 3. HP: 17/33 MP: 3/3
   228 | D:3      | Reached XP level 4. HP: 17/40 MP: 4/4
   285 | D:4      | Noticed Ijyb
   296 | D:4      | Reached skill level 5 in Axes
   312 | D:4      | Killed Ijyb
   497 | D:4      | Reached skill level 6 in Axes
   497 | D:4      | Reached XP level 5. HP: 26/46 MP: 5/5
   499 | D:4      | Found a staircase to the Ecumenical Temple.
   508 | Temple   | Entered the Ecumenical Temple
   537 | Temple   | Became a worshipper of Makhleb the Destroyer
   554 | D:4      | Found Kewn's Antique Weapon Emporium.
   565 | D:5      | Entered Level 5 of the Dungeon
   565 | D:5      | Found a runed translucent gate.
   565 | D:5      | Found a runed translucent gate.
   565 | D:5      | Found a runed translucent gate.
   565 | D:5      | Noticed an ice beast
   565 | D:5      | Noticed zordking's ghost (novice OpTm)
   565 | D:5      | Noticed an ogre
   626 | D:5      | Noticed an ogre
   637 | D:5      | Killed an ogre
   637 | D:5      | Reached skill level 7 in Axes
   637 | D:5      | Reached XP level 6. HP: 26/55 MP: 5/5
   645 | D:5      | You fall into a shaft and drop 3 floors!
   661 | D:8      | Slain by an ogre

Illustrated notes

Levels and vault maps discovered:
D:1:      psy_arrival_statuary, layout_basic, serial_bayou_lagoon_a,
          hangedman_decor_growths
D:2:      layout_rooms, gammafunk_temple_overflow_pools,
          chequers_serial_rivers_large_a
D:3:      layout_basic
D:4:      layout_gridville, minmay_temple_entry_trees, serial_shops, shop,
          uniq_ijyb
D:5:      minmay_thick_lines, layout_rooms, gup_sewer_entry_bowl,
          gammafunk_ghost_split, serial_shops, shop, uniq_grinder
D:6:      layout_cave_pools, minmay_manual_mess, uniq_sigmund
D:8:      minmay_the_grid_octo_tiled_octocenter
          [minmay_the_grid_octo_tetromino_candy, minmay_the_grid_octo_focus,
          minmay_the_grid_octo_fan_narrow, minmay_the_grid_octo_chip,
          minmay_the_grid_octo_prize_star, minmay_the_grid_square_5x5_comb,
          minmay_the_grid_square_5x5_two_walls_b,
          minmay_the_grid_square_5x5_two_small,
          minmay_the_grid_square_5x5_lines], layout_basic, kennysheep_mini,
          chequers_avenue
Temple:   hc_temple_tempest_star

Skill      XL: |  1  2  3  4  5 |
---------------+----------------+-----
Axes           | 3 4 6 7 |  7.3
Fighting       | |  2.6
Armour         | |  3.2
Shields        | |  3.2

Action                   |  1- 3 |  4- 6 || total
-------------------------+-------+-------++-------
Melee: War axe           |    55 |    56 ||   111
 Abil: Heal Wounds       |       |     5 ||     5
  Use: Scroll            |       |     5 ||     5
Armor: Scale mail        |    47 |    42 ||    89
Dodge: Dodged            |    35 |    28 ||    63
Block: Kite shield       |    46 |    54 ||   100

Table legend: (Time is in decaauts)
 A = Elapsed time spent in this place.
 B = Non-inter-level travel time spent in this place.
 C = Inter-level travel time spent in this place.
 D = Time resting spent in this place.
 E = Time spent auto-exploring this place.
 F = Levels seen in this place.
 G = Mean time per level.
                   A        B        C        D        E       F      G
               +--------+--------+--------+--------+--------+-----+--------+
         Total |    701 |    701 |      0 |      0 |      0 |   8 |   87.6 |
       Dungeon |    658 |    658 |      0 |      0 |      0 |   7 |   94.0 |
        Temple |     42 |     42 |      0 |      0 |      0 |   1 |   42.0 |
               +--------+--------+--------+--------+--------+-----+--------+

Top non-repeatable levels by time:
     D:4: 260 daAuts
     D:2: 143 daAuts
     D:1: 90 daAuts
     D:5: 71 daAuts
     D:3: 67 daAuts
  Temple: 42 daAuts
     D:8: 17 daAuts
     D:6: 8 daAuts
